[ AOE2 MATCH · #491294274 ]
UnrankedTatars vs Poles
Player's team · WIN
Rival team · LOSS
[ REPLAY ANALYSIS · EXTRACTED FROM THE RECORDED GAME ]
Feudal
8:51
Castle
23:30
Imperial
—
| APM avg | 76.8 |
| APM peak | 114 |
| eAPM avg | 38.3 |
| Villagers / military | 50 / 42 |
Focus
⚔️ 54.3% · 🌾 45.7%
Spearman ×21 · Archer ×16 · Militia ×5
Feudal
8:50
Castle
—
Imperial
—
| APM avg | 67.3 |
| APM peak | 85 |
| eAPM avg | 30.0 |
| Villagers / military | 63 / 44 |
Focus
⚔️ 30.2% · 🌾 69.8%
Scout Cavalry ×44
Match map
Initial resources + every placement click. Lines = walls · curves = elevation contours. ◆ gold · ⬟ stone · ● berries · ✦ relic · ◌ wall gap
Your base· ✓ Closed at 23:30 · 26t walls · 1 gate(s)
Thành Cổ Quảng Trị's base· Open — unwalled flank
Smoothed initial terrain · ◌ = detected wall gap · hover for details
Inputs per minute
— TAG_Sitaux - - Thành Cổ Quảng Trị
Build order — TAG_Sitaux
First 150 of 181 actions detected
| 0:01 | Create | Villager (Male) |
| 0:01 | Create | Villager (Male) |
| 0:02 | Build | House |
| 0:02 | Build | House |
| 0:05 | Create | Villager (Male) |
| 0:05 | Create | Villager (Male) |
| 1:24 | Create | Villager (Male) |
| 1:25 | Create | Villager (Male) |
| 1:49 | Create | Villager (Male) |
| 1:50 | Create | Villager (Male) |
| 2:13 | Create | Villager (Male) |
| 2:13 | Create | Villager (Male) |
| 2:25 | Build | Lumber Camp |
| 2:39 | Create | Villager (Male) |
| 3:16 | Create | Villager (Male) |
| 3:17 | Create | Villager (Male) |
| 3:17 | Create | Villager (Male) |
| 3:39 | Create | Villager (Male) |
| 3:39 | Create | Villager (Male) |
| 3:51 | Build | House |
| 4:31 | Create | Villager (Male) |
| 4:55 | Create | Villager (Male) |
| 5:08 | Build | Barracks |
| 5:18 | Create | Villager (Male) |
| 5:42 | Build | House |
| 5:46 | Create | Villager (Male) |
| 5:46 | Research | Loom |
| 6:18 | Build | Palisade Wall |
| 6:39 | Research | Feudal Age |
| 6:39 | Research | Feudal Age |
| 7:10 | Create | Militia |
| 7:11 | Create | Militia |
| 7:25 | Build | Mining Camp |
| 7:35 | Create | Militia |
| 7:55 | Create | Militia |
| 7:56 | Create | Militia |
| 8:01 | Build | House |
| 8:02 | Build | Palisade Wall |
| 8:14 | Build | Palisade Wall |
| 8:14 | Build | Palisade Wall |
| 8:15 | Build | Palisade Wall |
| 8:18 | Build | Palisade Wall |
| 8:22 | Build | Palisade Wall |
| 8:23 | Build | Palisade Wall |
| 8:30 | Create | Villager (Male) |
| 8:51 | Age | Feudal Age |
| 9:00 | Research | Man-at-Arms (upgrade) |
| 9:01 | Build | Archery Range |
| 9:13 | Build | Mill |
| 9:29 | Create | Villager (Male) |
| 9:54 | Create | Archer |
| 10:00 | Create | Villager (Male) |
| 10:02 | Build | Farm |
| 10:12 | Build | Farm |
| 10:26 | Create | Archer |
| 10:28 | Create | Villager (Male) |
| 10:33 | Build | House |
| 10:34 | Build | House |
| 10:38 | Build | Palisade Wall |
| 10:38 | Build | Palisade Wall |
| 10:41 | Build | Palisade Wall |
| 10:41 | Build | Palisade Wall |
| 10:45 | Create | Villager (Male) |
| 10:59 | Build | Palisade Wall |
| 11:04 | Create | Archer |
| 11:09 | Create | Spearman |
| 11:15 | Build | Farm |
| 11:17 | Create | Villager (Male) |
| 11:18 | Create | Villager (Male) |
| 11:33 | Build | House |
| 11:41 | Create | Archer |
| 11:45 | Create | Villager (Male) |
| 11:45 | Create | Villager (Male) |
| 11:50 | Build | Farm |
| 12:06 | Create | Villager (Male) |
| 12:32 | Build | Blacksmith |
| 12:35 | Create | Villager (Male) |
| 12:36 | Create | Villager (Male) |
| 12:40 | Create | Archer |
| 13:02 | Create | Villager (Male) |
| 13:05 | Research | Double-Bit Axe |
| 13:13 | Create | Archer |
| 13:20 | Build | Farm |
| 13:24 | Create | Spearman |
| 13:26 | Create | Villager (Male) |
| 13:40 | Research | Fletching |
| 13:40 | Research | Fletching |
| 13:54 | Build | Farm |
| 13:55 | Create | Villager (Male) |
| 13:58 | Create | Spearman |
| 14:04 | Build | Farm |
| 14:08 | Create | Spearman |
| 14:14 | Build | Farm |
| 14:20 | Build | House |
| 14:27 | Create | Villager (Male) |
| 14:27 | Create | Villager (Male) |
| 14:29 | Build | Farm |
| 14:34 | Create | Archer |
| 14:40 | Create | Spearman |
| 14:41 | Build | Palisade Gate |
| 14:45 | Build | House |
| 14:48 | Build | Palisade Wall |
| 14:57 | Create | Villager (Male) |
| 14:57 | Create | Villager (Male) |
| 14:58 | Build | Farm |
| 15:08 | Create | Spearman |
| 15:10 | Create | Archer |
| 15:22 | Create | Villager (Male) |
| 15:26 | Build | Palisade Gate |
| 15:27 | Build | Palisade Wall |
| 15:36 | Research | Arson |
| 15:36 | Research | Arson |
| 15:36 | Research | Arson |
| 15:39 | Build | Farm |
| 15:44 | Build | Farm |
| 15:55 | Create | Villager (Male) |
| 16:12 | Create | Villager (Male) |
| 16:36 | Create | Villager (Male) |
| 16:37 | Create | Archer |
| 16:48 | Create | Spearman |
| 16:57 | Build | Farm |
| 17:02 | Create | Archer |
| 17:04 | Create | Spearman |
| 17:06 | Create | Villager (Male) |
| 17:13 | Research | Horse Collar |
| 17:13 | Research | Horse Collar |
| 17:25 | Build | Farm |
| 17:28 | Build | Farm |
| 17:28 | Create | Villager (Male) |
| 17:29 | Build | Farm |
| 17:35 | Create | Spearman |
| 17:36 | Create | Spearman |
| 17:36 | Create | Spearman |
| 17:45 | Create | Villager (Male) |
| 17:45 | Create | Villager (Male) |
| 17:47 | Create | Archer |
| 17:53 | Build | House |
| 18:12 | Build | Market |
| 18:18 | Create | Spearman |
| 18:22 | Research | Scale Mail Armor |
| 18:22 | Research | Scale Mail Armor |
| 18:32 | Create | Villager (Male) |
| 18:41 | Create | Spearman |
| 18:48 | Build | House |
| 18:49 | Create | Villager (Male) |
| 18:52 | Build | House |
| 18:52 | Build | House |
| 18:56 | Create | Spearman |
| 19:21 | Build | Farm |
| 19:24 | Create | Villager (Male) |
Build order — Thành Cổ Quảng Trị
First 150 of 195 actions detected
| 0:00 | Create | Villager (Male) |
| 0:00 | Create | Villager (Male) |
| 0:01 | Build | House |
| 0:02 | Build | House |
| 0:15 | Create | Villager (Male) |
| 0:16 | Create | Villager (Male) |
| 0:16 | Create | Villager (Male) |
| 1:24 | Create | Villager (Male) |
| 1:24 | Create | Villager (Male) |
| 1:48 | Build | Lumber Camp |
| 1:57 | Create | Villager (Male) |
| 1:57 | Create | Villager (Male) |
| 2:15 | Create | Villager (Male) |
| 2:15 | Create | Villager (Male) |
| 2:41 | Create | Villager (Male) |
| 3:02 | Create | Villager (Male) |
| 3:25 | Create | Villager (Male) |
| 3:48 | Build | House |
| 3:58 | Create | Villager (Male) |
| 3:58 | Create | Villager (Male) |
| 4:35 | Build | House |
| 4:45 | Create | Villager (Male) |
| 5:06 | Build | Mill |
| 5:12 | Create | Villager (Male) |
| 5:42 | Create | Villager (Male) |
| 5:42 | Research | Loom |
| 6:36 | Research | Feudal Age |
| 6:36 | Research | Feudal Age |
| 7:23 | Create | Villager (Male) |
| 7:34 | Build | Barracks |
| 7:39 | Build | Palisade Wall |
| 7:44 | Build | Palisade Wall |
| 8:50 | Age | Feudal Age |
| 8:52 | Build | Stable |
| 8:54 | Research | Double-Bit Axe |
| 8:58 | Create | Villager (Male) |
| 9:05 | Build | Palisade Wall |
| 9:09 | Build | House |
| 9:10 | Build | Palisade Wall |
| 9:14 | Build | Palisade Wall |
| 9:23 | Create | Villager (Male) |
| 9:34 | Build | Farm |
| 9:35 | Create | Scout Cavalry |
| 9:38 | Create | Scout Cavalry |
| 9:39 | Create | Villager (Male) |
| 9:54 | Build | Farm |
| 10:04 | Build | Farm |
| 10:16 | Build | House |
| 10:18 | Create | Villager (Male) |
| 10:21 | Build | Farm |
| 10:26 | Build | Farm |
| 10:46 | Build | Farm |
| 10:49 | Create | Villager (Male) |
| 10:49 | Create | Villager (Male) |
| 10:51 | Build | Farm |
| 11:04 | Build | Farm |
| 11:14 | Build | Farm |
| 11:19 | Create | Villager (Male) |
| 11:19 | Create | Villager (Male) |
| 11:23 | Build | Farm |
| 11:35 | Create | Villager (Male) |
| 11:36 | Create | Villager (Male) |
| 11:36 | Create | Villager (Male) |
| 11:37 | Build | Farm |
| 11:50 | Create | Scout Cavalry |
| 12:01 | Build | Mill |
| 12:07 | Create | Villager (Male) |
| 12:16 | Create | Scout Cavalry |
| 12:16 | Create | Scout Cavalry |
| 12:28 | Build | Farm |
| 12:34 | Build | Farm |
| 12:36 | Create | Villager (Male) |
| 12:47 | Create | Villager (Male) |
| 13:03 | Create | Villager (Male) |
| 13:04 | Research | Horse Collar |
| 13:14 | Build | Watch Tower |
| 13:22 | Build | Farm |
| 13:31 | Build | Palisade Wall |
| 13:35 | Build | Palisade Wall |
| 13:39 | Create | Scout Cavalry |
| 13:39 | Create | Scout Cavalry |
| 13:46 | Create | Villager (Male) |
| 13:57 | Create | Villager (Male) |
| 13:58 | Build | Farm |
| 14:03 | Create | Scout Cavalry |
| 14:17 | Create | Villager (Male) |
| 14:22 | Build | Stone Wall |
| 14:25 | Build | Blacksmith |
| 14:26 | Create | Scout Cavalry |
| 14:34 | Build | House |
| 14:46 | Build | House |
| 14:48 | Build | House |
| 14:50 | Create | Scout Cavalry |
| 14:55 | Build | Stone Wall |
| 14:57 | Create | Villager (Male) |
| 14:58 | Build | Farm |
| 15:04 | Build | House |
| 15:06 | Build | Stone Wall |
| 15:15 | Research | Scale Barding Armor |
| 15:21 | Create | Villager (Male) |
| 15:22 | Build | House |
| 15:23 | Build | Palisade Wall |
| 15:32 | Create | Villager (Male) |
| 15:33 | Build | Farm |
| 15:45 | Create | Scout Cavalry |
| 15:46 | Create | Scout Cavalry |
| 15:57 | Build | Farm |
| 16:10 | Create | Villager (Male) |
| 16:12 | Create | Scout Cavalry |
| 16:34 | Create | Scout Cavalry |
| 16:54 | Create | Scout Cavalry |
| 16:54 | Create | Villager (Male) |
| 16:55 | Create | Villager (Male) |
| 16:57 | Build | Mining Camp |
| 17:05 | Build | Stable |
| 17:16 | Create | Scout Cavalry |
| 17:24 | Build | House |
| 17:28 | Create | Villager (Male) |
| 17:36 | Build | Mill |
| 17:46 | Create | Scout Cavalry |
| 17:48 | Create | Villager (Male) |
| 18:00 | Build | Farm |
| 18:01 | Create | Scout Cavalry |
| 18:02 | Create | Scout Cavalry |
| 18:10 | Create | Scout Cavalry |
| 18:12 | Build | House |
| 18:17 | Build | Farm |
| 18:33 | Create | Villager (Male) |
| 18:36 | Create | Scout Cavalry |
| 18:36 | Create | Scout Cavalry |
| 18:38 | Build | Farm |
| 18:42 | Build | House |
| 18:51 | Create | Villager (Male) |
| 18:58 | Create | Scout Cavalry |
| 18:58 | Create | Scout Cavalry |
| 19:01 | Build | House |
| 19:09 | Build | Stone Wall |
| 19:15 | Research | Bloodlines |
| 19:16 | Research | Bloodlines |
| 19:16 | Create | Villager (Male) |
| 19:20 | Build | Farm |
| 19:22 | Build | Farm |
| 19:35 | Build | Market |
| 19:39 | Create | Villager (Male) |
| 19:55 | Create | Scout Cavalry |
| 19:55 | Create | Scout Cavalry |
| 20:05 | Create | Villager (Male) |
| 20:16 | Build | House |
| 20:22 | Create | Scout Cavalry |
| 20:22 | Create | Scout Cavalry |
Match timeline
| 5:08 | TAG_Sitaux · first_building Barracks |
| 6:18 | TAG_Sitaux · wall_segment Palisade Wall x1 |
| 7:34 | Thành Cổ Quảng Trị · first_building Barracks |
| 7:39 | Thành Cổ Quảng Trị · wall_segment Palisade Wall x2 |
| 7:44 | Thành Cổ Quảng Trị · wall_segment Palisade Wall x1 |
| 8:02 | TAG_Sitaux · wall_segment Palisade Wall x4 |
| 8:14 | TAG_Sitaux · wall_segment Palisade Wall x1 |
| 8:14 | TAG_Sitaux · wall_segment Palisade Wall x1 |
| 8:15 | TAG_Sitaux · wall_segment Palisade Wall x1 |
| 8:18 | TAG_Sitaux · wall_segment Palisade Wall x1 |
| 8:22 | TAG_Sitaux · wall_segment Palisade Wall x1 |
| 8:23 | TAG_Sitaux · wall_segment Palisade Wall x1 |
| 8:50 | Thành Cổ Quảng Trị · age_up feudal |
| 8:51 | TAG_Sitaux · age_up feudal |
| 8:52 | Thành Cổ Quảng Trị · first_building Stable |
| 9:01 | TAG_Sitaux · first_building Archery Range |
| 9:05 | Thành Cổ Quảng Trị · wall_segment Palisade Wall x4 |
| 9:10 | Thành Cổ Quảng Trị · wall_segment Palisade Wall x2 |
| 9:14 | Thành Cổ Quảng Trị · wall_segment Palisade Wall x1 |
| 10:38 | TAG_Sitaux · wall_segment Palisade Wall x1 |
| 10:38 | TAG_Sitaux · wall_segment Palisade Wall x1 |
| 10:41 | TAG_Sitaux · wall_segment Palisade Wall x1 |
| 10:41 | TAG_Sitaux · wall_segment Palisade Wall x1 |
| 10:59 | TAG_Sitaux · wall_segment Palisade Wall x1 |
| 13:31 | Thành Cổ Quảng Trị · wall_segment Palisade Wall x1 |
| 13:35 | Thành Cổ Quảng Trị · wall_segment Palisade Wall x1 |
| 14:22 | Thành Cổ Quảng Trị · wall_segment Stone Wall x4 |
| 14:48 | TAG_Sitaux · wall_segment Palisade Wall x3 |
| 14:55 | Thành Cổ Quảng Trị · wall_segment Stone Wall x1 |
| 15:06 | Thành Cổ Quảng Trị · wall_segment Stone Wall x3 |
| 15:23 | Thành Cổ Quảng Trị · wall_segment Palisade Wall x1 |
| 15:27 | TAG_Sitaux · wall_segment Palisade Wall x8 |
| 19:09 | Thành Cổ Quảng Trị · wall_segment Stone Wall x5 |
| 19:29 | TAG_Sitaux · first_market_buy 100 food |
| 20:17 | TAG_Sitaux · first_market_sell 100 wood |
| 20:21 | Thành Cổ Quảng Trị · first_market_buy 100 food |
| 23:30 | TAG_Sitaux · age_up castle |
| 24:02 | Thành Cổ Quảng Trị · resign |
[ AI ANALYSIS · 1 CREDIT ]
What really happened in this match?
Wolo.gg analyzes every decision: build order, eco, micro, common mistakes by bracket. Personalized analysis on WhatsApp or Discord in 30 seconds.
Civ guide
Tatars
Perfil
Jugador #212721